AoeStats
← Caketown

Arabia

510285604Analyzed
1v1 RM · 1d ago on Sep 30, 2026· 44m 6s· 2 players
Game mode
Random Map
Map size
Tiny (2 player)
Population
200
Speed
Normal
Resources
Standard
Victory
Conquest
Starting age
Dark Age
Ending age
Imperial Age
RankedLock teamsTeams togetherTeam positionsShared explorationLock speedFull tech treeHidden civsTurbo modeCheats
Victory
Defeat
🇵🇹 Armenians · Portugal
1213
+16
🇦🇺 Lithuanians · Australia
1208
-16
Caketown
7:01 Loom
9:32 Feudal Age
10:54 Double-Bit Axe
13:20 Fletching
23:26 Castle Age
24:10 Light Cavalry
28:12 Town Watch
28:28 Horse Collar
33:48 Scale Barding Armor
34:25 Wheelbarrow
35:30 Forging
36:12 Husbandry
36:54 Chain Barding Armor
38:22 Iron Casting
42:05 Imperial Age
41:00 Bow Saw
41:12 Gold Mining
42:34 Masonry
43:22 Plate Barding Armor
43:24 Hand Cart
42:41 Cavalier
bixo
9:25 Feudal Age
11:09 Double-Bit Axe
10:57 Man-at-Arms
16:04 Long Swordsman
17:53 Arson
21:41 Castle Age
20:59 Loom
21:47 Two-Handed Swordsman
22:29 Padded Archer Armor
22:23 Fletching
22:44 Forging
22:34 Scale Mail Armor
23:52 Pikeman
29:02 Wheelbarrow
28:12 Town Watch
30:28 Iron Casting
29:54 Scale Mail Armor
29:24 Elite Skirmisher
31:49 Hand Cart
31:34 Town Patrol
34:03 Horse Collar
34:35 Bow Saw
36:18 Bodkin Arrow
36:24 Padded Archer Armor
37:09 Town Patrol
37:03 Gold Mining
37:03 Stone Mining
37:21 Heavy Plow
41:21 Imperial Age
39:18 Scale Barding Armor
40:36 Bloodlines
41:01 Husbandry
41:23 Chain Barding Armor
41:41 Cavalier
43:43 Blast Furnace
42:43 Bracer
42:59 Leather Archer Armor
43:22 Ballistics
Connection lost

Rejoining the realm…

Still unreachable

The connection could not be restored.

Session expired

The server has moved on; the page needs a fresh start.